 Dungeon Crawl Stone Soup version 0.29.1-13-g9f3cf754e1 (webtiles) character file.

Game seed: 14329418025154534839

53 wolfrpgdude the Covered (level 3, 0/33 HPs)
             Began as a Minotaur Fighter on Feb 11, 2023.
             Slain by Grinder (4 damage)
             ... on level 3 of the Dungeon.
             The game lasted 00:03:21 (1804 turns).

wolfrpgdude the Covered (Minotaur Fighter)          Turns: 1804, Time: 00:03:22

Health: 0/33       AC:  7    Str: 22    XL:     3   Next: 62%
Magic:  2/2        EV:  9    Int:  5    God:
Gold:   93         SH:  4    Dex:  9    Spells: 2/2 levels left

rFire   . . .      SeeInvis .   g - +3 long sword (freeze)
rCold   . . .      Faith    .   c - +0 buckler
rNeg    . . .      Spirit   .   b - +0 scale mail
rPois   .          Reflect  .   (helmet restricted)
rElec   .          Harm     .   (no cloak)
rCorr   .          Rampage  .   (no gloves)
Will    .....                   (no boots)
Stlth   ..........              (no amulet)
HPRegen 0.11/turn               (no ring)
MPRegen 0.08/turn               (no ring)

@: no status effects
A: horns 2, retaliatory headbutt
a: no special abilities


You were on level 3 of the Dungeon.
You visited 1 branch of the dungeon, and saw 3 of its levels.

You collected 93 gold pieces.

Inventory:

Hand Weapons
 a - a +0 vampiric long sword
 g - a +3 long sword of freezing (weapon)
Armour
 b - a +0 scale mail (worn)
 c - a +0 buckler (worn)
 f - an orb of mayhem
Jewellery
 i - a ring of flight
Scrolls
 l - a scroll of noise {unknown}
 n - 2 scrolls of identify {unknown}
 o - a scroll of torment {unknown}
Potions
 d - 2 potions of might
 e - a potion of lignification {unknown}
 h - a potion of flight {unknown}
 j - a potion of resistance {unknown}
 m - 2 potions of curing {unknown}


   Skills:
 + Level 4.2 Fighting
 + Level 3.2 Long Blades
 + Level 4.2 Armour
 + Level 4.1 Shields


You had 2 spell levels left.
You didn't know any spells.
Your spell library contained the following spells:

 Spells                   Type           Power      Damage    Failure   Level
 Necrotise                Necr           0%         1d4       87%         1
 Dazzling Flash           Conj/Hex       0%         N/A       99%         3
 Vampiric Draining        Necr           0%         2d6       99%         3
 Iskenderun's Mystic Bla  Conj/Tloc      0%         2d3       100%        4
 Agony                    Necr           0%         N/A       100%        5
 Starburst                Conj/Fire      0%         6d3       100%        6


Dungeon Overview and Level Annotations

Branches:
Dungeon (3/15)

Altars:

Shops:
D:1 *

Annotations:
D:3 Grinder


Innate Abilities, Weirdness & Mutations

You have a pair of horns on your head.
You reflexively headbutt those who attack you in melee.


Message History

Grinder blinks!
Grinder moves out of view.
Grinder says, "Don't move a muscle."
Grinder gestures at you. You resist with significant effort.
Grinder blinks!
You hit Grinder. You headbutt Grinder!
Grinder is heavily wounded.
Grinder barely misses you. You furiously retaliate!
You headbutt Grinder. You closely miss Grinder.
Grinder is heavily wounded.
Grinder barely misses you. Grinder hits you.
You writhe in agony.
You closely miss Grinder.
Grinder is heavily wounded.
Grinder gestures at you.
You suddenly lose the ability to move!
Grinder hits you. Grinder hits you but does no damage. Grinder gestures at you.
Pain shoots through your body!
You can move again.
Found a ring mail.
You block Grinder's attack.
You slash Grinder! Your headbutt misses Grinder.
Grinder is severely wounded.
Grinder gestures at you. Pain shoots through your body!
* * * LOW HITPOINT WARNING * * *
You slash Grinder!
Grinder is almost dead.
Grinder hits you.
* * * LOW HITPOINT WARNING * * *
You writhe in agony.
* * * LOW HITPOINT WARNING * * *
Grinder blinks!
Grinder gestures at you.
You suddenly lose the ability to move!
You can move again.
You barely miss Grinder.
Grinder is almost dead.
Grinder hits you.
You die...

................. #.
##.#######....##.# ...
..............+ #...
#.####.......#
....##.####.##....#
......................
.........###.##.#.....
.....##......##.#......
......5@........#.###..
...................
..........##.#.....
.[....##..##.#..#.#
...... #..##.#..# .
.##... ....... .. #..
.#.###.# #. ........


You could see Grinder.

Vanquished Creatures
  An adder (D:2)
  A dart slug (D:1)
  An orc (D:3)
  5 ball pythons
  4 endoplasms
  A giant cockroach (D:1)
  4 goblins
  5 hobgoblins
  A kobold (D:3)
  3 quokkas
  7 bats
  3 frilled lizards
  A rat (D:1)
37 creatures vanquished.

Vanquished Creatures (others)
  3 plants (D:2)
3 creatures vanquished.

Grand Total: 40 creatures vanquished

Notes
Turn   | Place    | Note
-------+----------+-------------------------------------------
     0 | D:1      | wolfrpgdude the Minotaur Fighter began the quest for the
                  | Orb.
     0 | D:1      | Reached XP level 1. HP: 19/19 MP: 0/0
    48 | D:1      | Reached XP level 2. HP: 27/27 MP: 1/1
   453 | D:1      | Found Xefresoa's General Store.
   702 | D:2      | Reached XP level 3. HP: 30/33 MP: 2/2
  1304 | D:2      | Identified a scroll of acquirement
  1304 | D:2      | Acquired a +3 long sword of freezing
  1785 | D:3      | Noticed Grinder
  1792 | D:3      | Paralysed by Grinder for 4 turns
  1799 | D:3      | Paralysed by Grinder for 3 turns
  1804 | D:3      | Slain by Grinder

Illustrated notes

Levels and vault maps discovered:
D:1:      minmay_arrival_stair_chambers, layout_rooms, serial_shops,
          nicolae_square_shop
D:2:      layout_basic, serial_forest, infiniplex_forest_clump_medium,
          infiniplex_forest_zigzag_1, infiniplex_forest_corner_1,
          infiniplex_forest_zigzag_2, infiniplex_forest_clump_small,
          infiniplex_forest_clump_diagonal, infiniplex_forest_clump_small,
          infiniplex_forest_lined_3, infiniplex_forest_clump_curved
D:3:      layout_basic, hellmonk_ecumenical_altar_pennies_from_heaven,
          chequers_avenue, uniq_terence, uniq_grinder

Skill      XL: |  1  2 |
---------------+-------+-----
Armour         | 4 |  4.2
Fighting       | 4 |  4.2
Shields        | 4 |  4.1
Long Blades    | 3 |  3.2

Action                   || total
-------------------------++-------
Melee: Long sword        ||    88
       Headbutt          ||    13
  Use: Scroll            ||     7
Armor: Scale mail        ||    43
Dodge: Dodged            ||    48
Block: Buckler           ||    21
